 Dungeon Crawl Stone Soup version 0.29-a0-320-g9f8742066b (webtiles) character file.

Game seed: 739737714222711539

4 sokol815 the Chiller (level 1, -1/14 HPs)
             Began as a Demigod Ice Elementalist on Apr 3, 2022.
             Slain by a quokka (5 damage)
             ... on level 1 of the Dungeon.
             The game lasted 00:01:03 (294 turns).

sokol815 the Chiller (Demigod Ice Elementalist)      Turns: 294, Time: 00:01:03

Health: -1/14      AC:  2    Str:  9    XL:     1   Next: 40%
Magic:  5/5        EV: 12    Int: 17    God:
Gold:   0          SH:  0    Dex: 14    Spells: 2/3 levels left

rFire   . . .      SeeInvis .   a - +0 dagger
rCold   . . .      Faith    .   (no shield)
rNeg    . . .      Spirit   .   c - +0 robe
rPois   .          Reflect  .   (no helmet)
rElec   .          Harm     .   (no cloak)
rCorr   .          Rampage  .   (no gloves)
Will    .....                   (no boots)
Stlth   ++........              (no amulet)
HPRegen 0.04/turn               (no ring)
MPRegen 0.09/turn               (no ring)

@: no status effects
A: high MP 1, forlorn, divine attributes
a: no special abilities


You were on level 1 of the Dungeon.
You visited 1 branch of the dungeon, and saw 1 of its levels.

Inventory:

Hand Weapons
 a - a +0 dagger (weapon)
   (You took it off a goblin on level 1 of the Dungeon)
Armour
 c - a +0 robe (worn)
Scrolls
 b - a scroll of fog {unknown}
Potions
 M - a potion of magic


   Skills:
 + Level 0.1 Fighting
 + Level 0.1 Short Blades
 - Level 1.8 Dodging
 - Level 1.8 Stealth
 - Level 1.8 Spellcasting
 - Level 3.6 Ice Magic


You had 2 spell levels left.
You knew the following spells:

 Your Spells              Type           Power      Damage    Failure   Level
a - Freeze                Ice            52%        1d7       4%          1

Your spell library contained the following spells:

 Spells                   Type           Power      Damage    Failure   Level
 Frozen Ramparts          Ice            26%        1d4       13%         3
 Ozocubu's Armour         Ice            13%        N/A       13%         3
 Hailstorm                Conj/Ice       7%         3d4       67%         4


Dungeon Overview and Level Annotations

Branches:
Dungeon (1/15)


Innate Abilities, Weirdness & Mutations

You have an increased reservoir of magic. (+10% MP)
You shall have no god before yourself.
Your divine heritage dramatically boosts your attributes as you level up.


Message History

Welcome, sokol815 the Demigod Ice Elementalist.
The incredible Orb of Zot lies far below, as if waiting for you to find it.
Found a scroll labelled OCHAWU NOCIDO.
Found a staircase leading out of the dungeon.
Okay, then.
b - a scroll labelled OCHAWU NOCIDO As you open the door, it creaks loudly!
A goblin comes into view. It is wielding a +0 dagger.
The goblin shouts!
There is an open door here.
You miss the goblin. The goblin completely misses you.
You hit the goblin. The goblin hits you but does no damage.
You closely miss the goblin. The goblin hits you but does no damage.
You hit the goblin. The goblin hits you with a +0 dagger.
You take 2 damage, and have 12/14 hp.
You barely miss the goblin. The goblin hits you with a +0 dagger.
You take 1 damage, and have 11/14 hp.
You miss the goblin. The goblin misses you.
You hit the goblin but do no damage. The goblin hits you with a +0 dagger.
You take 2 damage, and have 9/14 hp.
You closely miss the goblin. The goblin completely misses you.
You hit the goblin.
You kill the goblin!
No target in view!
c - a +0 dagger You see here a goblin corpse.
c - a +0 dagger (weapon)
Adjust to which letter? (? for menu, Esc to quit)
a - a +0 dagger (weapon);
c - a +0 robe (worn)
You start resting.
Health restored: 14 Clearing quiver.
A goblin comes into view. It is wielding a +0 dagger.
The goblin shouts!
You barely miss the goblin. The goblin hits you but does no damage.
You closely miss the goblin. The goblin hits you but does no damage.
You hit the goblin. The goblin hits you with a +0 dagger.
You take 3 damage, and have 11/14 hp.
MASSIVE DAMAGE!!
You closely miss the goblin. The goblin misses you.
You miss the goblin. The goblin hits you with a +0 dagger.
You take 3 damage, and have 8/14 hp.
MASSIVE DAMAGE!!
You completely miss the goblin. The goblin closely misses you.
Unknown command.
You hit the goblin.
You kill the goblin!
Unknown command.
Things that are here:
a +0 dagger; a goblin corpse Unknown command.
Things that are here:
a +0 dagger; a goblin corpse You start resting.
Health restored: 14 A goblin comes into view.
It is wielding a +0 dagger.
The goblin shouts!
The goblin hits you with a +0 dagger.
You take 1 damage, and have 13/14 hp.
You hit the goblin. The goblin hits you with a +0 dagger.
A kobold comes into view. It is wielding a +0 dagger.
You take 1 damage, and have 12/14 hp.
You hit the goblin.
You kill the goblin!
A quokka comes into view.
You see here a +0 dagger.
You hit the quokka but do no damage.
The quokka bites you but does no damage.
You miss the quokka. The quokka bites you. The kobold barely misses you.
You take 3 damage, and have 9/14 hp.
MASSIVE DAMAGE!!
You see here a +0 dagger.
The quokka bites you.
* * * LOW HITPOINT WARNING * * *
You take 5 damage, and have 4/14 hp.
MASSIVE DAMAGE!!
You barely miss the quokka. The quokka bites you.
You die...

#.# . #.# ##. #.#
#.. #.# #.#
#.############.#
#####...).......##.#
.......########.##.#
†#####.# #.##.######
.......#
#.@rK.......
..######
####.####### #.# #.#
.# #.# .# #.# .# ..#
.# ###


You could see a quokka and a kobold.

Vanquished Creatures
  3 goblins (D:1)
3 creatures vanquished.

Notes
Turn   | Place    | Note
-------+----------+-------------------------------------------
     0 | D:1      | sokol815 the Demigod Ice Elementalist began the quest for
                  | the Orb.
     0 | D:1      | Reached XP level 1. HP: 14/14 MP: 5/5
   294 | D:1      | Slain by a quokka

Illustrated notes

Levels and vault maps discovered:
D:1:      evilmike_arrival_plus, layout_loops_ring

Action                   || total
-------------------------++-------
Melee: Dagger            ||    12
       Unarmed           ||     9
Armor: Robe              ||     5
Dodge: Dodged            ||     6

Table legend: (Time is in decaauts)
 A = Elapsed time spent in this place.
 B = Non-inter-level travel time spent in this place.
 C = Inter-level travel time spent in this place.
 D = Time resting spent in this place.
 E = Time spent auto-exploring this place.
 F = Levels seen in this place.
 G = Mean time per level.
                   A        B        C        D        E       F      G
               +--------+--------+--------+--------+--------+-----+--------+
         Total |    293 |    293 |      0 |    236 |     18 |   1 |  293.0 |
       Dungeon |    293 |    293 |      0 |    236 |     18 |   1 |  293.0 |
               +--------+--------+--------+--------+--------+-----+--------+

Top non-repeatable levels by time:
     D:1: 293 daAuts

Table legend:
 A = Kills in this place as a percentage of kills in entire the game.
 B = Kills by you in this place as a percentage of kills by you in the entire game.
 C = Kills by friends in this place as a percentage of kills by friends in the entire game.
 D = Other kills in this place as a percentage of other kills in the entire game.
 E = Experience gained in this place as a percentage of experience gained in the entire game.
 F = Experience gained in this place divided by the number of levels of this place that you have seen.
                   A       B       C       D       E      F
               +-------+-------+-------+-------+-------+----------------------
         Total | 100.0 | 100.0 |   N/A |   N/A | 100.0 |   6.0
       Dungeon | 100.0 | 100.0 |   N/A |   N/A | 100.0 |   6.0
               +-------+-------+-------+-------+-------+----------------------
